[Event "Landsturneringen 2023"]
[Site "Vallhall, Oslo"]
[Date "2023.07.05"]
[Round "6"]
[White "Hole, Vegard"]
[Black "Yran, Petter"]
[Result "0-1"]
[WhiteElo "1526"]
[BlackElo "1576"]
[TimeControl "40/5400+30:1800+30"]
[BlackFideId "1567659"]
[WhiteFideId "1524275"]

1. e4 c5 2. c3 Nf6 3. e5 Nd5 4. d4 cxd4 5. Nf3 e6 6. cxd4 Nc6 7. Bc4 Nb6 8.
Bb3 d6 9. O-O dxe5 10. dxe5 Qxd1 11. Rxd1 Be7 12. Nc3 O-O 13. Bf4 Nd7 14.
Nb5 Nc5 15. Nc7 Rb8 16. Nb5 b6 17. Nfd4 Nxd4 18. Nxd4 Bb7 19. Nb5 a5 20.
Nd6 Nxb3 21. axb3 Bd5 22. b4 a4 23. b5 Rfd8 24. Rdc1 Bb3 25. Rc7 Bxd6 26.
exd6 f6 27. d7 e5 28. Be3 Kf7 29. f3 Ke7 30. Rc6 Rxd7 31. Rxb6 Rxb6 32.
Bxb6 Rd5 33. Rc1 Rxb5 34. Bc5+ Ke6 35. Ba3 Rb7 36. Rc6+ Kf5 37. Kf2 Rd7 38.
Bd6 h5 39. g3 Ke6 40. Ba3+ Kd5 41. Rc5+ Kd4 42. Rc6 Rb7 43. Rc3 Bc4 44. Ke1
f5 45. Kd2 e4 46. Re3 Bd3 47. fxe4 fxe4 48. h4 Rc7 49. Re1 Rc2+ 50. Kd1 Rg2
51. Bd6 Rxb2 52. Bf8 Rb1+ 53. Kd2 e3+ 0-1

[Event "Landsturneringen 2023"]
[Site "Vallhall, Oslo"]
[Date "2023.07.05"]
[Round "6"]
[White "Johnson, Knut"]
[Black "Jørgensen, Ørjan"]
[Result "0-1"]
[WhiteElo "1465"]
[BlackElo "1569"]
[TimeControl "40/5400+30:1800+30"]
[BlackFideId "1514911"]
[WhiteFideId "1542095"]

1. d4 Nf6 2. Nc3 c6 3. Nf3 d5 4. h3 Bf5 5. g4 Bg6 6. Ne5 Nbd7 7. Nxd7 Qxd7
8. Bf4 h6 9. e3 e6 10. a3 Be7 11. Bd3 Ne4 12. Bxe4 Bxe4 13. Nxe4 dxe4 14.
Qe2 Bf6 15. O-O-O Qd5 16. Kb1 Qa5 17. c4 g5 18. Bg3 Rd8 19. Qc2 Be7 20.
Qxe4 Bf8 21. Be5 Rg8 22. Bf6 Rd7 23. d5 cxd5 24. cxd5 Rxd5 25. Rxd5 Qxd5
26. Qxd5 exd5 27. Rd1 Rg6 28. Be5 Re6 29. Bg3 Rb6 30. Rd3 Rb5 31. Be5 Kd7
32. a4 Ra5 33. b3 Ke6 34. Bc3 Ra6 35. Kc2 Rc6 36. Kd1 f6 37. f3 Bc5 38. b4
Bd6 39. Kd2 Be5 40. e4 Bxc3+ 41. Rxc3 Rxc3 42. exd5+ Kxd5 43. Kxc3 Ke5 44.
Kc4 Kd6 45. Kd4 Kc6 46. Ke4 a5 47. bxa5 Kc5 48. f4 Kb4 49. fxg5 fxg5 50.
Kf5 Kxa4 51. Kg6 Kxa5 52. Kxh6 b5 53. Kxg5 b4 54. Kh6 b3 55. h4 b2 56. h5
b1=Q 57. g5 Qc1 58. Kg6 Qc2+ 59. Kg7 Qf5 60. Kh6 Qf8+ 61. Kg6 Qg8+ 62. Kh6
Kb5 63. g6 Kc5 64. Kg5 Kd6 65. Kf6 Qf8+ 66. Kg5 Ke6 67. Kg4 Qf6 68. Kh3 Qg5
0-1

[Event "Landsturneringen 2023"]
[Site "Vallhall, Oslo"]
[Date "2023.07.05"]
[Round "6"]
[White "Nordtug, Per Øistein"]
[Black "Lien, Benjamin Andreas"]
[Result "0-1"]
[WhiteElo "1385"]
[BlackElo "1540"]
[TimeControl "40/5400+30:1800+30"]
[BlackFideId "1559338"]
[WhiteFideId "1547410"]

1. c4 e5 2. Nc3 Nf6 3. g3 d6 4. Bg2 Be7 5. e4 O-O 6. Nge2 c6 7. O-O Be6 8.
d3 Nfd7 9. f4 f5 10. exf5 Bxf5 11. d4 Nb6 12. b3 N8d7 13. Ba3 exf4 14. Nxf4
Nf6 15. Qe2 Qd7 16. Rae1 Rfe8 17. Ne6 Bg4 18. Qe3 d5 19. c5 Nc8 20. Qg5
Bxe6 0-1

[Event "Landsturneringen 2023"]
[Site "Vallhall, Oslo"]
[Date "2023.07.05"]
[Round "6"]
[White "Sponnich, Atle"]
[Black "Texe, Eirik"]
[Result "1-0"]
[WhiteElo "1409"]
[BlackElo "1573"]
[TimeControl "40/5400+30:1800+30"]
[BlackFideId "1569481"]
[WhiteFideId "1569929"]

1. e4 c5 2. Nc3 d6 3. f4 g6 4. Nf3 Bg7 5. Bc4 e6 6. d3 Ne7 7. a3 Nbc6 8.
Ba2 O-O 9. O-O Nd4 10. Be3 Bd7 11. Rc1 Qb6 12. Rb1 Rac8 13. Qd2 f5 14. Qf2
Nec6 15. Ng5 h6 16. Nf3 Nxf3+ 17. Qxf3 Nd4 18. Qf2 a5 19. Kh1 Kh7 20. Nd1
e5 21. Bd5 fxe4 22. Bxe4 exf4 23. Bxf4 Rf6 24. Ne3 Be6 25. Qh4 Rcf8 26. Rf2
Qd8 27. Bg5 Rf4 28. Bxd8 Rxh4 29. Bxh4 1-0

[Event "Landsturneringen 2023"]
[Site "Vallhall, Oslo"]
[Date "2023.07.06"]
[Round "7"]
[White "Bechstrøm, Henrik Mathias"]
[Black "Baumann, Tobias Opdalshei"]
[Result "0-1"]
[WhiteElo "1548"]
[BlackElo "1522"]
[TimeControl "40/5400+30:1800+30"]
[BlackFideId "1548506"]
[WhiteFideId "1547232"]

1. e4 e5 2. Nf3 Nc6 3. Bb5 a6 4. Ba4 Nf6 5. O-O Bc5 6. c3 b5 7. Bb3 d6 8.
a4 Bg4 9. h3 Bh5 10. d3 h6 11. Re1 O-O 12. Nbd2 Kh8 13. Nf1 b4 14. Ng3 Bg6
15. Nh4 Rb8 16. Nhf5 Ne7 17. Bc2 Nxf5 18. Nxf5 Bxf5 19. exf5 c6 20. g4 Nd5
21. Bd2 Qh4 22. Qf3 bxc3 23. bxc3 Rb2 24. Rec1 Re8 25. a5 e4 26. dxe4 Rxe4
27. Bxe4 Rxd2 28. Rf1 Nf6 29. Bd3 d5 30. Rae1 h5 31. gxh5 Nxh5 32. Re8+ Kh7
33. f6+ g6 34. Bxg6+ fxg6 35. f7 Nf4 36. f8=Q Bxf8 37. Rxf8 Nxh3+ 38. Kg2
Ng5 39. Rf7+ Kh6 40. Qg3 Qxg3+ 41. Kxg3 Nxf7 42. Rb1 Ra2 43. Rb6 Rxa5 44.
Rxc6 Kg5 45. f4+ Kf5 46. Rc7 Nd6 47. Kf3 Ra4 48. Rc6 Rxf4+ 49. Ke2 Ne4 50.
Rxa6 Nxc3+ 51. Kd3 Ne4 52. Ke3 g5 53. Ra8 Nf6 54. Rf8 d4+ 55. Ke2 g4 56.
Rh8 Ke4 57. Rd8 g3 0-1

[Event "Landsturneringen 2023"]
[Site "Vallhall, Oslo"]
[Date "2023.07.06"]
[Round "7"]
[White "Choquet, Sebastian"]
[Black "Selmer, Thorgrim Juhani"]
[Result "0-1"]
[WhiteElo "1473"]
[BlackElo "1582"]
[TimeControl "40/5400+30:1800+30"]
[BlackFideId "1510576"]
[WhiteFideId "1572210"]

1. e4 c6 2. d4 d5 3. Nc3 dxe4 4. Bc4 Nf6 5. f3 exf3 6. Nxf3 Nd5 7. Ne5 Be6
8. O-O Nd7 9. Nd3 N7f6 10. Ne5 g6 11. Nxd5 Bxd5 12. Bxd5 Qxd5 13. c4 Qd8
14. Nf3 Bg7 15. Qe1 O-O 16. Qh4 h5 17. Bg5 Qb6 18. Rae1 Rfe8 19. b3 Rad8
20. Rxe7 Rxe7 21. Bxf6 Bxf6 22. Qxf6 Rdd7 23. c5 Qb4 24. a3 Qc3 25. Kh1
Qxb3 26. Ne5 Re6 27. Qg5 Rxe5 28. Qxe5 Qe6 29. Qf4 Qc4 30. Rd1 Qxc5 31.
Qb8+ Kg7 32. Qf4 Qf5 33. Qe3 c5 34. Qe2 Rxd4 35. Rf1 Qd5 36. Qf2 Rd1 37.
Qf6+ Kg8 38. h3 Rxf1+ 39. Qxf1 c4 40. Qe1 b5 41. Qa5 Qd1+ 42. Kh2 Qd6+ 43.
Kg1 Qb6+ 44. Qxb6 axb6 45. Kf2 f5 46. h4 Kf7 47. Ke3 Kf6 48. g3 Ke5 49. Ke2
Ke4 0-1

[Event "Landsturneringen 2023"]
[Site "Vallhall, Oslo"]
[Date "2023.07.06"]
[Round "7"]
[White "Eckholdt, Carl Marcus"]
[Black "Saude, Christian"]
[Result "1/2-1/2"]
[WhiteElo "1571"]
[BlackElo "1597"]
[TimeControl "40/5400+30:1800+30"]
[BlackFideId "1569465"]
[WhiteFideId "1553356"]

1. b3 d5 2. Bb2 Bf5 3. e3 e6 4. Nf3 h6 5. c4 Nf6 6. Nc3 Be7 7. d4 O-O 8.
Bd3 Bxd3 9. Qxd3 c6 10. O-O Nbd7 11. Nd2 Rc8 12. e4 dxe4 13. Ncxe4 Nxe4 14.
Nxe4 Nf6 15. Rad1 1/2-1/2

[Event "Landsturneringen 2023"]
[Site "Vallhall, Oslo"]
[Date "2023.07.06"]
[Round "7"]
[White "Jørgensen, Ørjan"]
[Black "Eilertsen, Håkon Renna"]
[Result "1/2-1/2"]
[WhiteElo "1569"]
[BlackElo "1569"]
[TimeControl "40/5400+30:1800+30"]
[BlackFideId "1544047"]
[WhiteFideId "1514911"]

1. e4 c6 2. Nc3 d5 3. Nf3 Bg4 4. exd5 cxd5 5. h3 Bxf3 6. Qxf3 e6 7. Bb5+
Nc6 8. O-O Nf6 9. d3 Be7 10. Ne2 O-O 11. Bg5 Rc8 12. c3 Qb6 13. Ba4 Rfd8
14. Bxc6 bxc6 15. b3 a5 16. Ng3 h6 17. Be3 Bc5 18. Bxh6 a4 19. b4 Be7 20.
Be3 Qa6 21. Bg5 c5 22. Nh5 cxb4 23. cxb4 Rc3 24. Rfd1 a3 25. Bxf6 gxf6 26.
Nxf6+ Kf8 27. Nh7+ Ke8 28. Nf6+ Kf8 29. Nh7+ Ke8 30. Nf6+ 1/2-1/2

[Event "Landsturneringen 2023"]
[Site "Vallhall, Oslo"]
[Date "2023.07.06"]
[Round "7"]
[White "Mork, Peter"]
[Black "Johansen, Frank"]
[Result "0-1"]
[WhiteElo "1402"]
[BlackElo "1572"]
[TimeControl "40/5400+30:1800+30"]
[BlackFideId "1568710"]
[WhiteFideId "1580604"]

1. e4 c6 2. d4 d5 3. e5 c5 4. dxc5 e6 5. a3 Bxc5 6. Nf3 Nd7 7. b4 Be7 8.
Bb2 a5 9. b5 f6 10. a4 fxe5 11. Nxe5 Ngf6 12. Be2 O-O 13. O-O Qb6 14. Nd2
Bc5 15. Ndf3 Ne4 16. Nd3 Ndf6 17. Nxc5 Qxc5 18. Ba3 Qb6 19. Bxf8 Kxf8 20.
c4 Nc3 21. Qc2 Nfe4 22. cxd5 exd5 23. Bd3 Bf5 24. Bxe4 Nxe4 25. Qb3 Rd8 26.
Rad1 d4 27. Ne5 Qf6 28. Nd3 Qg6 29. f3 Nc3 30. Qa3+ Kg8 31. Ne5 Qf6 32.
Rde1 Qb6 33. Kh1 Nd5 34. Rf2 Ne3 35. Qb3+ Be6 36. Qd3 Qd6 37. Ng4 Bf5 38.
Qd2 Nc4 39. Qg5 Bxg4 40. fxg4 d3 41. Re6 Qd4 42. Qf5 Qxf2 43. Qxf2 d2 44.
Qf1 Nb2 45. h3 d1=Q 46. Re1 Qxe1 47. Qxe1 Rd1 48. Qxd1 Nxd1 0-1

[Event "Landsturneringen 2023"]
[Site "Vallhall, Oslo"]
[Date "2023.07.06"]
[Round "7"]
[White "Lien, Benjamin Andreas"]
[Black "Sponnich, Atle"]
[Result "1-0"]
[WhiteElo "1540"]
[BlackElo "1409"]
[TimeControl "40/5400+30:1800+30"]
[BlackFideId "1569929"]
[WhiteFideId "1559338"]

1. e4 e5 2. Nf3 Nc6 3. Bc4 Bc5 4. b4 Bxb4 5. c3 Ba5 6. d4 exd4 7. O-O h6 8.
Qb3 Qe7 9. Ba3 d6 10. e5 Be6 11. Bxe6 fxe6 12. Qxb7 Qd8 13. Qxc6+ Kf7 14.
exd6 cxd6 15. Bxd6 Rc8 16. Ne5+ Kf6 17. Qf3+ 1-0

[Event "Landsturneringen 2023"]
[Site "Vallhall, Oslo"]
[Date "2023.07.06"]
[Round "7"]
[White "Texe, Eirik"]
[Black "Szygenda, Jørgen"]
[Result "0-1"]
[WhiteElo "1573"]
[BlackElo "1496"]
[TimeControl "40/5400+30:1800+30"]
[BlackFideId "1573640"]
[WhiteFideId "1569481"]

1. e4 c5 2. Nf3 Nc6 3. Bb5 g6 4. Bxc6 bxc6 5. O-O Bg7 6. Re1 Nh6 7. d3 O-O
8. h3 d5 9. Nc3 f6 10. Nh2 e5 11. f4 f5 12. fxe5 fxe4 13. dxe4 Qh4 14. Nf3
Rxf3 15. gxf3 Qg3+ 16. Kh1 Bxe5 17. Qe2 Qxh3+ 18. Kg1 Bd4+ 19. Be3 Bxe3+
20. Qxe3 d4 21. Qg5 dxc3 22. Qd8+ Kg7 23. Qe7+ Nf7 24. Kf2 Qh2+ 25. Ke3
Qd2# 0-1

[Event "Landsturneringen 2023"]
[Site "Vallhall, Oslo"]
[Date "2023.07.06"]
[Round "7"]
[White "Yran, Petter"]
[Black "Yilmaz, Kazim"]
[Result "0-1"]
[WhiteElo "1576"]
[BlackElo "1560"]
[TimeControl "40/5400+30:1800+30"]
[BlackFideId "1514326"]
[WhiteFideId "1567659"]

1. e4 e5 2. Nf3 Nc6 3. Bb5 Nf6 4. O-O Bc5 5. c3 O-O 6. d4 exd4 7. e5 Nd5 8.
cxd4 Be7 9. Nc3 Nxc3 10. bxc3 d6 11. exd6 Bxd6 12. Bg5 Be7 13. Bxe7 Nxe7
14. Re1 Ng6 15. Qd2 Bg4 16. Ne5 Nxe5 17. Rxe5 Bd7 18. Bc4 Qf6 19. Rae1 Rfe8
20. Rxe8+ Rxe8 21. Rxe8+ Bxe8 22. Qe3 Kf8 23. Qe4 b5 24. Bd3 g6 25. Qa8 Qc6
26. Qxc6 Bxc6 27. f4 a6 28. Kf2 Bd5 29. a3 Ke7 30. g3 Kd6 31. Ke3 c5 32. h4
Kc6 33. h5 a5 34. h6 f5 35. g4 Be6 36. gxf5 Bxf5 37. Be2 b4 38. cxb4 cxb4
39. axb4 axb4 40. Bc4 Kd6 41. Bg8 Ke7 42. Kd2 Be6 43. Bxh7 Kf7 44. Kc1 Kf6
45. Kb2 Bf7 46. Kc2 Kf5 47. Bg8 Bxg8 48. d5 Kf6 49. Kb3 Bxd5+ 50. Kxb4 Bg8
0-1

[Event "Landsturneringen 2023"]
[Site "Vallhall, Oslo"]
[Date "2023.07.07"]
[Round "8"]
[White "Jørgensen, Peder"]
[Black "Azadkhah, Ali"]
[Result "1/2-1/2"]
[WhiteElo "1338"]
[BlackElo "1534"]
[TimeControl "40/5400+30:1800+30"]
[BlackFideId "12512680"]
[WhiteFideId "1563238"]

1. e4 c5 2. Nf3 d6 3. Nc3 a6 4. a4 Nc6 5. d4 cxd4 6. Nxd4 e6 7. Be3 Nf6 8.
Be2 Be7 9. O-O O-O 10. Qd2 d5 11. exd5 exd5 12. Rad1 Ne5 13. Nf3 Nc4 14.
Bxc4 dxc4 15. Qxd8 Rxd8 16. Rxd8+ Bxd8 17. Rd1 Bg4 18. Rd4 Bxf3 19. gxf3
Rc8 20. Ne4 Nxe4 21. Rxe4 Bf6 22. b3 cxb3 23. cxb3 h6 24. Rb4 Rc7 25. Kf1
Kh7 26. f4 Kg6 27. Ke2 Rd7 28. Kf3 Kf5 29. Rc4 Ke6 30. b4 b5 31. Rc6+ Rd6
32. f5+ Kd7 33. Rxd6+ Kxd6 34. axb5 axb5 35. Ke4 Kc6 36. h3 h5 37. Bc5 Bc3
38. f3 Bf6 39. Bf8 g6 40. fxg6 fxg6 41. f4 Bc3 42. Be7 Bg7 43. Bc5 Bc3 44.
Kd3 Be1 45. Ke4 Bc3 46. Bf8 Bf6 47. Bc5 Bc3 48. Be7 Kd7 49. Bf8 Ke6 50. Bc5
Be1 51. Bf8 Kf7 52. Bd6 Ke6 53. Bf8 Kf7 54. Bc5 Ke6 55. Bf8 Kf7 1/2-1/2

[Event "Landsturneringen 2023"]
[Site "Vallhall, Oslo"]
[Date "2023.07.07"]
[Round "8"]
[White "Baumann, Tobias Opdalshei"]
[Black "Yran, Petter"]
[Result "0-1"]
[WhiteElo "1522"]
[BlackElo "1576"]
[TimeControl "40/5400+30:1800+30"]
[BlackFideId "1567659"]
[WhiteFideId "1548506"]

1. c4 e5 2. Nc3 Nf6 3. Nf3 Nc6 4. g3 d5 5. cxd5 Nxd5 6. Bg2 Nb6 7. a3 Be7
8. O-O Be6 9. b4 a6 10. d3 O-O 11. Bb2 f6 12. Ne4 Nd7 13. Qc2 f5 14. Nc5
Nxc5 15. bxc5 Bf6 16. Rab1 Qe8 17. Ba1 Rb8 18. Nd2 Qh5 19. Nc4 e4 20. Bxf6
Rxf6 21. e3 Rh6 22. Rfd1 Qxh2+ 23. Kf1 f4 24. dxe4 fxg3 25. f3 Bh3 26. Qb2
Qh1+ 27. Ke2 Qxg2+ 28. Ke1 Qf1+ 29. Kd2 Qxc4 0-1

[Event "Landsturneringen 2023"]
[Site "Vallhall, Oslo"]
[Date "2023.07.07"]
[Round "8"]
[White "Yilmaz, Kazim"]
[Black "Eilertsen, Håkon Renna"]
[Result "1/2-1/2"]
[WhiteElo "1560"]
[BlackElo "1569"]
[TimeControl "40/5400+30:1800+30"]
[BlackFideId "1544047"]
[WhiteFideId "1514326"]

1. Nf3 d5 2. Nc3 Nf6 3. d4 Bf5 4. Bf4 e6 5. e3 Bd6 6. Bxd6 cxd6 7. Bd3 Bxd3
8. cxd3 O-O 9. O-O Nc6 10. Qb3 Qd7 11. Rac1 Rac8 12. a3 Rfd8 13. Na2 Na5
14. Qb4 Nc6 15. Qb3 Na5 16. Qb4 Nc6 17. Qb3 Na5 1/2-1/2

[Event "Landsturneringen 2023"]
[Site "Vallhall, Oslo"]
[Date "2023.07.07"]
[Round "8"]
[White "Johansen, Frank"]
[Black "Fitje, Tor-Finn Malum"]
[Result "1/2-1/2"]
[WhiteElo "1572"]
[BlackElo "1484"]
[TimeControl "40/5400+30:1800+30"]
[BlackFideId "1567977"]
[WhiteFideId "1568710"]

1. d4 d5 2. Nc3 c5 3. e4 dxe4 4. Bb5+ Bd7 5. dxc5 e6 6. Be3 Nf6 7. Nge2 Nd5
8. Bxd7+ Qxd7 9. Nxd5 Qxd5 10. Qxd5 exd5 11. Rd1 Nd7 12. Rxd5 Be7 13. O-O
Rd8 14. Rfd1 Nf6 15. Rxd8+ Bxd8 16. h3 a5 17. a4 O-O 18. Nc3 Be7 19. Nd5
Nxd5 20. Rxd5 Rd8 21. Rxd8+ Bxd8 22. c3 Kf8 23. b4 Ke8 24. b5 Kd7 25. Kf1
f5 26. Ke2 g6 27. f3 Ke6 28. c4 Ke5 29. g3 g5 30. b6 h6 31. h4 gxh4 32.
Bf4+ Ke6 33. gxh4 Kd7 34. h5 Kc6 35. Bxh6 exf3+ 36. Kxf3 Kxc5 37. Bg7 Bg5
38. h6 Bxh6 39. Bxh6 Kxc4 40. Bd2 Kb3 41. Bxa5 Kxa4 42. Bc3 Kb5 43. Bd4 Kc6
1/2-1/2

[Event "Landsturneringen 2023"]
[Site "Vallhall, Oslo"]
[Date "2023.07.07"]
[Round "8"]
[White "Hansen, Roy Drange"]
[Black "Lie, Bjørn"]
[Result "0-1"]
[WhiteElo "1501"]
[BlackElo "1427"]
[TimeControl "40/5400+30:1800+30"]
[BlackFideId "1524372"]
[WhiteFideId "1509250"]

1. e4 c5 2. Nf3 Nc6 3. c3 Nf6 4. d3 d6 5. Bg5 Nd7 6. Nbd2 g6 7. Be2 Bg7 8.
O-O O-O 9. a4 Nde5 10. Qc2 Bg4 11. Nxe5 Bxe2 12. Nxc6 bxc6 13. Rfe1 Bg4 14.
a5 Rb8 15. Ra4 Be6 16. f4 Rb7 17. b3 Qc7 18. Bh4 Rfb8 19. Ra3 Kf8 20. f5
Bd7 21. Nf3 f6 22. fxg6 hxg6 23. Bg3 Rb5 24. Rea1 Be6 25. c4 R5b7 26. Rf1
Ke8 27. d4 cxd4 28. Nxd4 Bf7 29. c5 f5 30. cxd6 Bxd4+ 31. Kh1 exd6 32. exf5
Bxb3 33. Qe4+ Be5 34. fxg6 Bd5 35. Qh4 Qg7 36. Re3 Rb2 37. Qh3 Bxg2+ 38.
Qxg2 Rxg2 39. Kxg2 Rb2+ 40. Kh1 c5 41. Rf7 *

[Event "Landsturneringen 2023"]
[Site "Vallhall, Oslo"]
[Date "2023.07.07"]
[Round "8"]
[White "Jørgensen, Ørjan"]
[Black "Hole, Vegard"]
[Result "1-0"]
[WhiteElo "1569"]
[BlackElo "1526"]
[TimeControl "40/5400+30:1800+30"]
[BlackFideId "1524275"]
[WhiteFideId "1514911"]

1. e4 e5 2. Bc4 Nc6 3. Nf3 Nf6 4. Ng5 d5 5. exd5 Nxd5 6. Nxf7 Kxf7 7. Qf3+
Ke6 8. Nc3 Nb4 9. O-O c6 10. Qe4 Kd6 11. d4 Qf6 12. dxe5+ Qxe5 13. Re1 Qxe4
14. Nxe4+ Kc7 15. Re2 Bf5 16. Bg5 Nxc2 17. Rd1 Bxe4 18. Rxe4 Nb6 19. Bf4+
Bd6 20. Bxd6+ Kc8 21. Be6+ Nd7 22. Bxd7+ Kxd7 23. Re7+ Kc8 24. Rc7+ Kd8 25.
Be5+ Ke8 26. Rdd7 Rd8 27. Re7+ Kf8 28. Rf7+ Kg8 29. Rxg7+ Kf8 30. h3 1-0

[Event "Landsturneringen 2023"]
[Site "Vallhall, Oslo"]
[Date "2023.07.07"]
[Round "8"]
[White "Saude, Christian"]
[Black "Myhre, Jo Berger"]
[Result "1-0"]
[WhiteElo "1597"]
[BlackElo "1479"]
[TimeControl "40/5400+30:1800+30"]
[BlackFideId "1575767"]
[WhiteFideId "1569465"]

1. d4 c6 2. c4 d5 3. cxd5 cxd5 4. Bf4 Nf6 5. e3 Nc6 6. Nc3 a6 7. Be2 Bf5 8.
Nf3 e6 9. O-O Nh5 10. Be5 Nxe5 11. dxe5 g6 12. Nd4 Ng7 13. Qa4+ Qd7 14. Bb5
axb5 15. Qxa8+ Ke7 16. Ncxb5 Ne8 17. Rac1 f6 18. Nd6 Nxd6 19. exd6+ Qxd6
20. Qxb7+ Qd7 21. Rc7 e5 22. Nxf5+ 1-0

[Event "Landsturneringen 2023"]
[Site "Vallhall, Oslo"]
[Date "2023.07.07"]
[Round "8"]
[White "Noer, Andreas"]
[Black "Tøndel, Richard Birkeland"]
[Result "0-1"]
[WhiteElo "1406"]
[BlackElo "1452"]
[TimeControl "40/5400+30:1800+30"]
[BlackFideId "1526022"]
[WhiteFideId "1571095"]

1. c4 e5 2. g3 Bc5 3. Nc3 Nf6 4. Bg2 O-O 5. Nf3 Nc6 6. d3 d5 7. cxd5 Nxd5
8. a3 a6 9. O-O Nxc3 10. bxc3 Bg4 11. Bb2 Bb6 12. Qc2 f5 13. e3 f4 14. d4
Qe8 15. Ng5 Qh5 16. Qb3+ Kh8 17. Ne6 Rf6 18. Nxc7 Na5 19. Qxb6 Rxb6 20.
Nxa8 Rxb2 21. Nc7 f3 22. Bh1 Qf7 0-1

[Event "Landsturneringen 2023"]
[Site "Vallhall, Oslo"]
[Date "2023.07.07"]
[Round "8"]
[White "Ratama, Sofie Kristine"]
[Black "Sponnich, Atle"]
[Result "0-1"]
[WhiteElo "1536"]
[BlackElo "1409"]
[TimeControl "40/5400+30:1800+30"]
[BlackFideId "1569929"]
[WhiteFideId "1532421"]

1. d4 d5 2. c4 Nf6 3. Nc3 c5 4. cxd5 Nxd5 5. e4 Nxc3 6. bxc3 e6 7. Nf3 cxd4
8. Bb5+ Bd7 9. Bxd7+ Nxd7 10. cxd4 Bb4+ 11. Bd2 Bxd2+ 12. Qxd2 Nf6 13. Qc2
Qa5+ 14. Nd2 O-O 15. O-O Rac8 16. Qb2 Rfd8 17. Rac1 h6 18. f3 b6 19. Rfd1
Rxc1 20. Rxc1 Qa4 21. Nb3 Qb4 22. Qc2 a5 23. Qc7 Rd7 24. Qc8+ Qf8 25. e5
Rd8 26. Qc6 Nd5 27. Nd2 Qa3 28. Ne4 Qe3+ 29. Kf1 Qxd4 30. Nd6 Qxe5 31. Nb7
Rb8 32. Re1 Qb2 33. Nd6 Qxa2 34. Qd7 Rf8 35. Nxf7 Qc4+ 36. Kf2 Qd4+ 37. Kg3
Qf4+ 38. Kf2 Qxf7 39. Qxe6 Qxe6 40. Rxe6 Rd8 41. g3 a4 42. f4 a3 43. Re2 b5
44. Rd2 b4 45. Kf3 b3 46. Ke4 Nc3+ 47. Ke3 Rxd2 48. Kxd2 b2 49. f5 b1=Q 50.
f6 gxf6 51. g4 Qb2+ 52. Kd3 a2 53. g5 hxg5 54. h4 g4 55. h5 a1=Q 56. h6
Qd1+ 57. Kc4 Qb5+ 58. Kxc3 Qc5+ 59. Kb2 Qdc1+ 60. Ka2 Qc8 61. h7+ Kxh7 62.
Kb3 Qb1+ 63. Ka3 Qa8# 0-1

[Event "Landsturneringen 2023"]
[Site "Vallhall, Oslo"]
[Date "2023.07.08"]
[Round "9"]
[White "Azadkhah, Ali"]
[Black "Szygenda, Jørgen"]
[Result "1-0"]
[WhiteElo "1534"]
[BlackElo "1496"]
[TimeControl "40/5400+30:1800+30"]
[BlackFideId "1573640"]
[WhiteFideId "12512680"]

1. d4 Nf6 2. c4 g6 3. Nf3 Bg7 4. Nc3 O-O 5. e4 d6 6. Be2 Nbd7 7. Rb1 c5 8.
d5 Ng4 9. h3 Nge5 10. Nxe5 Nxe5 11. f4 Nd7 12. Be3 Nb6 13. O-O e5 14. f5 a6
15. Qd2 Bd7 16. Rf3 Na4 17. Nxa4 Bxa4 18. Rbf1 Bd7 19. f6 Bh8 20. Bh6 Re8
21. Qg5 Qb6 22. b3 Qa5 23. Rg3 Reb8 24. h4 Qxa2 25. Bd1 b5 26. h5 bxc4 27.
hxg6 hxg6 28. Bh5 Be8 29. Bxg6 fxg6 30. f7+ Bxf7 31. Rxf7 Kxf7 32. Qxg6+
Ke7 33. Qh7+ Bg7 1-0

[Event "Landsturneringen 2023"]
[Site "Vallhall, Oslo"]
[Date "2023.07.08"]
[Round "9"]
[White "Lien, Benjamin Andreas"]
[Black "Baumann, Tobias Opdalshei"]
[Result "1-0"]
[WhiteElo "1540"]
[BlackElo "1522"]
[TimeControl "40/5400+30:1800+30"]
[BlackFideId "1548506"]
[WhiteFideId "1559338"]

1. e4 e5 2. Nf3 Nc6 3. Bc4 Bc5 4. b4 Bxb4 5. c3 Ba5 6. d4 d6 7. O-O Nf6 8.
Re1 O-O 9. Bg5 exd4 10. Qc2 Ne5 11. Nxe5 dxe5 12. f4 Qd6 13. f5 h6 14. Bh4
Ng4 15. Bb3 d3 16. Qd2 Bb6+ 17. Kh1 Bd7 18. a4 Bc6 19. Na3 Nf6 20. Bxf6
Qxf6 21. Qxd3 Rad8 22. Qe2 Qg5 23. Nc4 Qf4 24. Bc2 Rfe8 25. Rf1 Qg5 26. f6
g6 27. Rf3 Bd7 28. h3 Be6 29. Bb3 Bc5 30. Raf1 a6 31. Kh2 b5 32. Rg3 Qh4
33. axb5 axb5 34. Na5 Bxb3 35. Nxb3 Bb6 36. Rg4 Qh5 37. Rf5 g5 38. Rgxg5+
Qxg5 39. Rxg5+ hxg5 40. Qh5 Be3 41. Qh6 Bf4+ 42. g3 1-0

[Event "Landsturneringen 2023"]
[Site "Vallhall, Oslo"]
[Date "2023.07.08"]
[Round "9"]
[White "Bechstrøm, Henrik Mathias"]
[Black "Selmer, Thorgrim Juhani"]
[Result "1-0"]
[WhiteElo "1548"]
[BlackElo "1582"]
[TimeControl "40/5400+30:1800+30"]
[BlackFideId "1510576"]
[WhiteFideId "1547232"]

1. e4 c5 2. Nf3 Nc6 3. Bb5 e6 4. Bxc6 bxc6 5. d3 Ba6 6. b3 d5 7. c4 Ne7 8.
Nc3 Ng6 9. h4 Be7 10. Bb2 Bf6 11. h5 Nf4 12. e5 dxc4 13. O-O Be7 14. dxc4
Nxh5 15. Qc2 g6 16. Ne4 O-O 17. Rad1 Qc7 18. Ba3 Qa5 19. Bb2 Rad8 20. Nf6+
Bxf6 21. exf6 Rxd1 22. Rxd1 Rd8 23. Re1 Qc7 24. g3 Qd6 25. Kg2 h6 26. Rh1
e5 27. Bxe5 Qe6 28. Bb2 Bc8 29. Rh4 Rd6 30. Qc1 Kh7 31. Qh1 Qe2 32. Rxh5
gxh5 33. Qxh5 Qxb2 34. Qxf7+ 1-0

[Event "Landsturneringen 2023"]
[Site "Vallhall, Oslo"]
[Date "2023.07.08"]
[Round "9"]
[White "Edroma, Godfrey"]
[Black "Stanghelle, Anders"]
[Result "1-0"]
[WhiteElo "1519"]
[BlackElo "1414"]
[TimeControl "40/5400+30:1800+30"]
[BlackFideId "1515489"]
[WhiteFideId "1555065"]

1. e4 e5 2. Bc4 Bc5 3. Ne2 Nf6 4. Ng3 O-O 5. O-O Nc6 6. a3 d6 7. c3 Bf5 8.
Qe1 a6 9. Bb3 Na5 10. Bc2 Ba7 11. d3 b5 12. Be3 c5 13. Nd2 Be6 14. h3 Bb6
15. Rc1 d5 16. b4 cxb4 17. cxb4 Nb7 18. Bxb6 Qxb6 19. Nf3 dxe4 20. dxe4 Bc4
21. Ne2 Rfe8 22. Nd2 Nd6 23. Kh2 Nfxe4 24. Nxe4 Nxe4 25. Bxe4 Rad8 26. Rg1
Rd6 27. Ng3 g6 28. f3 Red8 29. Bb1 f6 30. Ne4 Rc6 31. Qg3 1-0

[Event "Landsturneringen 2023"]
[Site "Vallhall, Oslo"]
[Date "2023.07.08"]
[Round "9"]
[White "Eilertsen, Håkon Renna"]
[Black "Saude, Christian"]
[Result "1/2-1/2"]
[WhiteElo "1569"]
[BlackElo "1597"]
[TimeControl "40/5400+30:1800+30"]
[BlackFideId "1569465"]
[WhiteFideId "1544047"]

1. d4 d5 2. c4 e6 3. Nf3 Nf6 4. Nc3 Be7 5. Bf4 O-O 6. e3 a6 7. c5 Nbd7 8.
Bd3 Re8 9. O-O Nh5 10. Bxh7+ Kxh7 11. Ne5 Ndf6 12. Nxf7 Qd7 13. Ne5 Qd8 14.
g4 Nxf4 15. exf4 g6 16. Nf7 Qd7 17. Ne5 Qd8 18. h4 Rg8 19. Qd3 Nd7 20. Nxg6
Rxg6 21. h5 Qg8 22. Kg2 Nf8 23. Rh1 Kg7 24. hxg6 Nxg6 25. Kf3 Qf7 26. Ne2
Bg5 27. Qe3 Bd7 28. Kg3 Be7 29. Rh2 Rh8 30. Rah1 Rxh2 31. Rxh2 Bb5 32. Ng1
b6 33. b4 bxc5 34. bxc5 c6 35. Nf3 Bd8 36. Ne5 Qf6 37. Nxg6 Qxg6 38. Qe5+
Kf7 39. g5 Qf5 40. Rh6 Qxe5 41. fxe5 Bxg5 42. Rh8 Bd2 43. Kf3 Ke7 44. Rh7+
Kd8 45. Ra7 a5 46. Ra8+ Ke7 47. Ra7+ Ke8 48. Ra8+ Kf7 49. Ra7+ 1/2-1/2

[Event "Landsturneringen 2023"]
[Site "Vallhall, Oslo"]
[Date "2023.07.08"]
[Round "9"]
[White "Fitje, Tor-Finn Malum"]
[Black "Yilmaz, Kazim"]
[Result "0-1"]
[WhiteElo "1484"]
[BlackElo "1560"]
[TimeControl "40/5400+30:1800+30"]
[BlackFideId "1514326"]
[WhiteFideId "1567977"]

1. e4 e5 2. Nf3 Nc6 3. c3 d5 4. Qa4 dxe4 5. Nxe5 Qd5 6. Nxc6 bxc6 7. Bc4
Qd6 8. O-O Nf6 9. d4 Be7 10. Re1 O-O 11. Nd2 Bf5 12. Nf1 Bd7 13. Qc2 c5 14.
dxc5 Qxc5 15. Bb3 Bc6 16. Be3 Qh5 17. Ng3 Qg6 18. Bd4 Rfe8 19. Qe2 Bd6 20.
Bc2 Bxg3 21. fxg3 Qh5 22. Qc4 Qd5 23. Qxd5 Bxd5 24. Bxf6 gxf6 25. Kf2 f5
26. Rad1 Be6 27. Ke3 Kg7 28. Rd4 c5 29. Rd6 Bxa2 30. Ra1 Be6 31. Rc6 c4 32.
Rc7 a5 33. Rc5 Reb8 34. Ra2 Rb6 35. g4 fxg4 36. Bxe4 Rab8 37. Rcxa5 Rxb2
38. Kf4 R8b3 39. R2a3 Rxa3 40. Rxa3 Rb3 41. Rxb3 cxb3 42. Ke3 h6 43. g3 Kf6
44. Bd3 Ke5 45. Bb1 f5 46. Bd3 Bd5 47. Bb1 Be4 48. Bxe4 fxe4 0-1